 Dungeon Crawl Stone Soup version 0.29.1-13-g9f3cf754e1 (webtiles) character file.

Game seed: 10496422794865214346

376 growler the Insei (level 6, 0/42 HPs)
             Began as an Octopode Transmuter on Jan 21, 2023.
             Slain by a kobold brigand
             ... wielding a +0 dagger
              (6 damage)
             ... in a sewer.
             The game lasted 00:08:27 (3890 turns).

growler the Insei (Octopode Transmuter)             Turns: 3890, Time: 00:08:27

Health: 0/42       AC:  2    Str: 12    XL:     6   Next: 73%
Magic:  8/10       EV: 20    Int: 15    God:
Gold:   91         SH:  0    Dex: 17    Spells: 7/11 levels left

rFire   . . .      SeeInvis .     - Unarmed
rCold   . . .      Faith    .   (shield currently unavailable)
rNeg    . . .      Spirit   .   (helmet currently unavailable)
rPois   x          Reflect  .   (no amulet)
rElec   .          Harm     .   (no ring)
rCorr   .          Rampage  .   (no ring)
Will    .....                   (no ring)
Stlth   ++........              (no ring)
HPRegen 0.14/turn               (no ring)
MPRegen 0.12/turn               (no ring)
                                (no ring)
                                (no ring)

@: spider-form (expiring)
A: venomous fangs, almost no armour, (amphibious), 8 rings, tiny, (camouflage
1), (gelatinous body 1), (nimble swimmer 1), (tentacles)
a: End Transformation


You were in a sewer.
You were a venomous arachnid creature.
You visited 1 branch of the dungeon, and saw 3 of its levels.
You also visited: Sewer.

You collected 91 gold pieces.

Inventory:

Missiles
 k - 4 atropa-tipped darts (quivered)
Wands
 m - a wand of flame (15)
Scrolls
 g - a scroll of amnesia {unknown}
 j - a scroll of poison {unknown}
 l - a scroll of magic mapping {unknown}
 n - a scroll of teleportation {unknown}
 q - a scroll of immolation {unknown}
 r - a scroll of vulnerability {unknown}
Potions
 a - a potion of lignification
 b - a potion of flight
 c - a potion of invisibility
 d - 2 potions of mutation
 e - a potion of attraction
 f - a potion of cancellation
 h - a potion of brilliance {unknown}
 i - a potion of curing {unknown}
 o - a potion of heal wounds
 p - a potion of haste
 s - a potion of might {unknown}
 t - 2 potions of magic {unknown}


   Skills:
 + Level 3.0 Fighting
 + Level 3.5 Dodging
 + Level 4.2 Unarmed Combat
 + Level 3.3 Spellcasting
 + Level 3.5 Transmutations


You had 7 spell levels left.
You knew the following spells:

 Your Spells              Type           Power      Damage    Failure   Level
a - Beastly Appendage     Tmut           24%        N/A       14%         1
b - Spider Form           Tmut/Pois      7%         N/A       50%         3

Your spell library contained the following spells:

 Spells                   Type           Power      Damage    Failure   Level
 Wereblood                Tmut           12%        N/A       19%         2
 Gell's Gravitas          Tloc           2%         N/A       73%         3
 Teleport Other           Tloc           2%         N/A       73%         3
 Ice Form                 Ice/Tmut       7%         N/A       85%         4
 Dispersal                Tloc           1%         N/A       100%        6


Dungeon Overview and Level Annotations

Branches:
Dungeon (3/15)              Sewer (1/1)

Altars:


Innate Abilities, Weirdness & Mutations

You are a venomous arachnid creature.
You have poisonous fangs.
You are tiny and dextrous.
Your spellcasting is less reliable in this form.
Your armour is entirely melded.
You are incapable of wielding weapons or throwing items.
You cannot wear most types of armour.
((You are amphibious.))
You can wear up to eight rings at the same time.
((Your skin changes colour to match your surroundings (Stealth+).))
((Your rubbery body absorbs attacks. (AC +1, EV +1)))
((You are camouflaged when in or above water. (Stealth+)))
((You have tentacles for arms and can constrict up to eight enemies at once.))


Message History

The kobold brigand is poisoned.
The kobold brigand hits you with a +0 dagger.
The kobold misses you. x2; The kobold brigand barely misses you.
You completely miss the kobold brigand.
The kobold brigand is lightly wounded.
Your transformation is almost over.
The kobold closely misses you. The kobold brigand closely misses you.
The kobold brigand hits you with a +0 dagger.
The kobold completely misses you.
You bite the kobold brigand!
The kobold brigand looks as sick as possible!
The kobold brigand is heavily wounded.
You hit the kobold brigand but do no damage.
The kobold brigand looks as sick as possible!
The kobold brigand is heavily wounded.
The kobold brigand hits you with a +0 dagger.
The kobold misses you.
The kobold brigand hits you with a +0 dagger.
The kobold hits you with a +0 dagger.
You hit the kobold brigand.
The kobold brigand looks as sick as possible!
The kobold brigand is severely wounded.
The kobold brigand closely misses you. The kobold misses you.
The kobold closely misses you. The kobold brigand misses you.
You barely miss the kobold. The kobold barely misses you.
The kobold brigand hits you with a +0 dagger.
The kobold brigand completely misses you.
The kobold closely misses you.
You hit the kobold.
The kobold is moderately wounded.
The kobold hits you with a +0 dagger. The kobold brigand closely misses you.
The kobold brigand hits you with a +0 dagger!
* * * LOW HITPOINT WARNING * * *
The kobold barely misses you.
You bite the kobold!
You kill the kobold!
The kobold brigand hits you with a +0 dagger.
* * * LOW HITPOINT WARNING * * *
The kobold brigand hits you with a +0 dagger.
You die...

#### #### #######..####...
#.........##....
##...............
######................
#..!.#................
#...K)......P.........
#.∩.Ks.....~~~~..~~P..
#...K#....P~P~~~~~P...
#################~~~######
#≈~~~~~~~~~~~~~~~~~~~~~~~~
#≈≈~≈≈≈≈≈~≈≈≈≈≈~≈≈≈≈≈~≈≈≈≈
#≈~~~~~~~~~~~~~~~~~~~~~~~~
###'########~~############
#...#....#.P~~)~........~~
#.∩.#.∩).'..~~~~......÷..~


You could see 2 kobold brigands and a kobold.

Vanquished Creatures
  3 kobold brigands (Sewer)
  Jessica (D:2)
  Terence (D:2)
  Robin (D:2)
  An adder (D:2)
  2 river rats (D:3)
  2 dart slugs (D:2)
  3 ball pythons
  6 bats
  6 endoplasms
  6 giant cockroaches
  12 goblins
  5 hobgoblins
  4 jackals (D:1)
  8 kobolds
  5 quokkas
  3 frilled lizards
  4 rats
73 creatures vanquished.

Vanquished Creatures (others)
  A fungus (Sewer)
  8 plants
9 creatures vanquished.

Grand Total: 82 creatures vanquished

Notes
Turn   | Place    | Note
-------+----------+-------------------------------------------
     0 | D:1      | growler the Octopode Transmuter began the quest for the
                  | Orb.
     0 | D:1      | Reached XP level 1. HP: 13/13 MP: 3/3
   211 | D:1      | Reached XP level 2. HP: 11/18 MP: 3/5
  1007 | D:1      | Reached XP level 3. HP: 18/23 MP: 6/6
  1515 | D:2      | Learned a level 3 spell: Spider Form
  1717 | D:2      | Noticed Terence
  1727 | D:2      | Killed Terence
  1728 | D:2      | Reached XP level 4. HP: 11/29 MP: 7/7
  2026 | D:2      | Noticed Robin
  2035 | D:2      | Killed Robin
  2635 | D:2      | Noticed Jessica
  2649 | D:2      | Killed Jessica
  2650 | D:2      | Reached XP level 5. HP: 32/34 MP: 6/9
  3002 | D:3      | Found a glowing drain.
  3203 | Sewer    | Entered a sewer
  3276 | Sewer    | Noticed a kobold brigand
  3284 | Sewer    | Killed a kobold brigand
  3285 | Sewer    | Reached XP level 6. HP: 33/41 MP: 7/10
  3359 | Sewer    | Reached skill level 4 in Unarmed Combat
  3890 | Sewer    | Slain by a kobold brigand

Illustrated notes

Levels and vault maps discovered:
D:1:      lordsloth_arrival_two_stooges, layout_basic, lemuel_flame_loot_1
D:2:      layout_loops_cross, kennysheep_jessica_study, uniq_robin, uniq_terence
D:3:      layout_loops_ring, nicolae_tso_carved_into_rock, serial_forest,
          infiniplex_forest_clump_double, infiniplex_forest_lined_ring,
          infiniplex_forest_clump_medium, infiniplex_forest_clump_C,
          infiniplex_forest_clump_medium, infiniplex_forest_clump_double,
          infiniplex_forest_lined_corner, infiniplex_forest_diagonal,
          infiniplex_forest_end_1, gup_sewer_entry_bubbles, serial_shops,
          nicolae_square_shop, minmay_misc_feat_diagonals,
          chequers_decorated_corner, st_stairs_13, hangedman_decor_points,
          kennysheep_generic_room_5
Sewer:    kennysheep_pipe_town

Skill      XL: |  1  2  3  4  5  6 |
---------------+-------------------+-----
Fighting       | 2 3 |  3.0
Dodging        | 3 |  3.5
Spellcasting   | 3 |  3.3
Transmutations | 3 |  3.5
Unarmed Combat | 4 |  4.2

Action                   |  1- 3 |  4- 6 || total
-------------------------+-------+-------++-------
Melee: Unarmed           |    63 |   122 ||   185
       Constrict         |    16 |    21 ||    37
       Kick              |    10 |     9 ||    19
       Tentacles         |     9 |    17 ||    26
       Punch             |     5 |     3 ||     8
 Cast: Beastly Appendage |     7 |     5 ||    12
       Spider Form       |       |     4 ||     4
Evoke: Wand              |       |     2 ||     2
  Use: Scroll            |       |     5 ||     5
       Potion            |       |     2 ||     2
 Stab: Sleeping          |     8 |     8 ||    16
Armor: Skin              |     3 |    14 ||    17
Dodge: Dodged            |    28 |   105 ||   133
